 Dungeon Crawl Stone Soup version 0.26.0-45-g9c1d065592 (webtiles) character file.

Game seed: 13471256429839362807

15207 thiole the Fighter (level 12, -2/90 HPs)
             Began as an Octopode Hedge Wizard on Jan 27, 2021.
             Was an Initiate of Gozag.
             Slain by a troll (10 damage)
             ... on level 1 of the Orcish Mines.
             The game lasted 01:11:56 (21882 turns).

thiole the Fighter (Octopode Hedge Wizard)         Turns: 21882, Time: 01:11:57

Health: -2/90      AC:  3    Str: 17    XL:     12   Next: 24%
Magic:  3/24       EV: 12    Int: 24    God:    Gozag
Gold:   1003       SH: 15    Dex: 11    Spells: 19/27 levels left

rFire    . . .     SeeInvis .   z - +3 war axe of Causality {speed, rPois Int+2} (curse)
rCold    + . .     Faith    .   v - +3 kite shield
rNeg     . . .     Spirit   .   b - +2 hat
rPois    +         Reflect  .   (no amulet)
rElec    .         Harm     .   g - ring of resist corrosion
rCorr    +         Rampage  .   A - ring of protection from cold
Will     +....     Clarity  +   p - ring of willpower (curse)
Stlth    ++++......             I - +6 ring of strength
HPRegen  0.25/turn              (no ring)
MPRegen  0.19/turn              (no ring)
                                (no ring)
                                (no ring)

@: very slightly contaminated
A: almost no armour, stealthy swim, amphibious, 8 rings, constrict 8, camouflage
1, clarity, strong 1, gelatinous body 1
a: Renounce Religion, Potion Petition, Call Merchant, Bribe Branch


You were on level 1 of the Orcish Mines.
You worshipped Gozag.
Gozag was most pleased with you.
You visited 4 branches of the dungeon, and saw 15 of its levels.
You also visited: Ossuary.

You collected 2819 gold pieces.
You spent 702 gold pieces at shops.
You paid 1114 gold pieces to Gozag.

Inventory:

Hand Weapons
 a - a +0 dagger
 e - a +2 dagger of draining
 z - the cursed +3 war axe of Causality (weapon) {speed, rPois Int+2}
   (You bought it in a shop on level 5 of the Dungeon)

   Attacks with this weapon are significantly faster.
   It affects your intelligence (+2).
   It protects you from poison.
   It has a curse placed upon it.
Missiles
 d - 6 silver javelins
Armour
 b - a +2 hat (worn)
 v - a +3 kite shield (worn)
Magical Staves
 H - an uncursed staff of cold
Jewellery
 g - a ring of resist corrosion (left tentacle)
 p - a cursed ring of willpower (on tentacle)
 A - a ring of protection from cold (right tentacle)
 I - a +6 ring of strength (on tentacle)
Wands
 j - a wand of paralysis (3)
 r - a wand of flame (10)
 C - a wand of random effects (52)
 J - a wand of acid (17)
Scrolls
 h - 4 scrolls of random uselessness
 l - 4 scrolls of magic mapping
 m - 5 scrolls of fear
 o - a scroll of teleportation
 q - 3 scrolls of enchant weapon
 s - 3 scrolls of blinking
 u - 4 scrolls of amnesia
 y - 6 scrolls of remove curse
 B - a scroll of fog
 D - 3 scrolls of identify
Potions
 c - 2 potions of degeneration
 f - a potion of cancellation
 k - a potion of resistance
 n - a potion of curing
 t - a potion of flight
 x - 2 potions of mutation


   Skills:
 + Level 11.3 Fighting
 - Level 0.2 Axes
 - Level 2.3 Dodging
 - Level 5.0 Stealth
 * Level 11.2 Shields
 + Level 8.3 Spellcasting
 - Level 2.0 Conjurations
 - Level 2.0 Summonings
 - Level 1.0 Translocations
 + Level 0.0 Transmutations
 - Level 2.0 Air Magic
 - Level 4.4 Earth Magic
 - Level 2.0 Poison Magic
 + Level 2.1 Evocations


You had 19 spell levels left.
You knew the following spells:

 Your Spells              Type           Power        Failure   Level
a - Magic Dart            Conj           76%          4%          1
b - Call Imp              Summ           19%          7%          2
c - Blink                 Tloc           N/A          10%         2
d - Mephitic Cloud        Conj/Pois/Air  19%          13%         3

Your spell library contained the following spells:

 Spells                   Type           Power        Failure   Level
 Corona                   Hex            11%          10%         1
 Slow                     Hex            10%          16%         2
 Conjure Flame            Conj/Fire      14%          21%         3
 Gell's Gravitas          Tloc           7%           21%         3
 Portal Projectile        Hex/Tloc       24%          24%         3
 Confusing Touch          Hex            10%          30%         3
 Inner Flame              Hex/Fire       10%          30%         3
 Leda's Liquefaction      Hex/Erth       10%          38%         4
 Petrify                  Tmut/Erth      20%          38%         4
 Cause Fear               Hex            5%           69%         4
 Metabolic Englaciation   Hex/Ice        5%           95%         5
 Yara's Violent Unravell  Hex/Tmut       5%           95%         5


Dungeon Overview and Level Annotations

Branches:
Dungeon (11/15)            Temple (1/1) D:4            Lair (1/6) D:10
    Orc (2/2) D:11        Ossuary (visited)
    Elf: Orc:2

Altars:
Ashenzari
Cheibriados
Dithmenos
Gozag
Hepliaklqana
Kikubaaqudgha
Makhleb
Nemelex Xobeh
Okawaru
Qazlal
Ru
Sif Muna
Trog
Vehumet
Wu Jian
Xom
Yredelemnul
Zin
The Shining One
Beogh

Shops:
D:5 [**(   D:6 ?   D:10 (   Orc:2 [

Annotations:
D:6 exclusion: oklob plant
D:9 4 runed translucent doors


Innate Abilities, Weirdness & Mutations

You cannot wear most types of armour.
You are very stealthy in the water. (Stealth+)
You are amphibious.
You can wear up to eight rings at the same time.
You can use your tentacles to constrict eight enemies at once.
Your skin changes colour to match your surroundings (Stealth+).
Your rubbery body absorbs attacks. (AC +1, EV +1)
You possess an exceptional clarity of mind.
Your muscles are strong. (Str +2)


Message History

Aiming: Mephitic Cloud (dangerous; 13% risk of failure)
Press: ? - help, Shift-Dir - straight line, f/p - troll
Aim: a troll (severely wounded)
The ball explodes into a vile cloud!
The stinking cloud engulfs the troll but does no damage.
The troll is severely wounded.
The troll is engulfed in noxious fumes.
The troll appears confused.
The troll is engulfed in noxious fumes.
The troll appears confused.
The troll shakes.
You slash the troll!
The troll is almost dead.
You block the troll's attack. The troll claws you.
* * * LOW HITPOINT WARNING * * *
The troll claws you.
* * * LOW HITPOINT WARNING * * *
You barely miss the troll.
The troll is severely wounded.
The troll bites you!
You die...
Your body crumbles into a pile of gold.

....#.##.......## ##......#.
................# ##......#..
...>.......###.## ##..........
#.....)...## ### ##...#.......
##........## ### ##....#.......
#..........####.## #.............
#..)........##...####............
..[.........##°...# ##...........
#[###........°°.@.# #...........#
[##.##..§.#.##.#T## ##..........#
##...........########.....>.....#
.##.##.#.##.####.#.##....).......
#######...#####.....#..)[)......#
# ##.#.## ##..........)#......#
## #...## ##...........)#.......
.#####.## #.....#...##.#........
..#.#...# ##..........##...#.....


You could see a troll (confused).

Vanquished Creatures
  2 boulder beetles (D:11)
  Erica (D:9)
  3 two-headed ogres
  Sonja (D:11)
  An unseen horror (D:7)
  A cyclops (Orc:1)
  Joseph (D:9)
  Maurice (Orc:1)
  3 komodo dragons (Lair:1)
  2 trolls
  2 hornets (D:8)
  A wyvern (D:11)
  Eustachio (D:4)
  A yak (D:10)
  Grum (D:9)
  2 water moccasins
  10 orc warriors
  A sky beast (D:8)
  An ice beast (D:8)
  2 black bears
  A necrophage (D:8)
  3 phantoms
  5 ogres
  4 centaurs
  3 wolves (D:9)
  A big kobold (D:7)
  5 elf zombies (Ossuary)
  7 bullfrogs
  A gnoll sergeant (D:8)
  3 scorpions
  5 killer bees (D:11)
  13 wights
  A howler monkey (D:8)
  A bullfrog zombie (D:5)
  A centaur zombie (Ossuary)
  3 human zombies (Ossuary)
  4 jellies
  9 orc priests
  A centaur skeleton (D:9)
  A hound (D:6)
  18 orc wizards
  An iguana (D:8)
  3 worker ants
  2 mummies (Ossuary)
  8 gnolls
  11 adders
  2 shadow imps
  2 white imps
  3 ufetubi
  An ooze (D:1)
  2 adder skeletons
  An adder zombie (D:9)
  A worm (D:2)
  2 dart slugs (D:1)
  4 leopard geckos
  24 orcs
  6 bats
  3 giant cockroaches
  5 goblins
  10 hobgoblins
  8 jackals
  5 kobolds
  7 quokkas
  2 ball pythons
  8 frilled lizards
  A quokka skeleton (D:4)
  3 rats
253 creatures vanquished.

Vanquished Creatures (collateral kills)
  An ugly thing (D:7)
  A komodo dragon (D:10)
  A hornet (D:8)
  Sigmund (D:2)
  A wraith (D:7)
  Edmund (D:6)
  A water moccasin (D:10)
  An ice beast (D:9)
  A black bear (D:10)
  2 ogres
  An elf zombie (Ossuary)
  A bullfrog (D:10)
  A wyvern zombie (D:8)
  2 scorpions
  A wight (D:8)
  A howler monkey (D:5)
  A jelly (D:7)
  A quasit (D:5)
  A centaur zombie (D:5)
  A hound (D:5)
  2 human zombies (Ossuary)
  An iguana (D:8)
  2 worker ants
  A mummy (Ossuary)
  An adder (D:8)
  A white imp (D:8)
  5 orcs
  A ball python skeleton (D:5)
36 creatures vanquished.

Vanquished Creatures (others)
  28 fungi
  28 plants
56 creatures vanquished.

Grand Total: 345 creatures vanquished

Notes
Turn   | Place    | Note
-------+----------+-------------------------------------------
     0 | D:1      | thiole the Octopode Hedge Wizard began the quest for the
                  | Orb.
     0 | D:1      | Reached XP level 1. HP: 11/11 MP: 4/4
   188 | D:1      | Reached XP level 2. HP: 17/17 MP: 4/6
   867 | D:1      | Reached XP level 3. HP: 14/21 MP: 3/7
  1749 | D:2      | Noticed Sigmund
  1933 | D:3      | Reached XP level 4. HP: 27/27 MP: 1/9
  2047 | D:3      | Learned a level 2 spell: Call Imp
  2050 | D:3      | Learned a level 2 spell: Blink
  2054 | D:3      | Learned a level 3 spell: Mephitic Cloud
  2081 | D:3      | Found a faded altar of an unknown god.
  2585 | D:2      | Killed Sigmund
  2586 | D:2      | Reached skill level 5 in Stealth
  2586 | D:2      | Reached skill level 1 in Air Magic
  2586 | D:2      | Reached XP level 5. HP: 25/31 MP: 1/11
  2860 | D:3      | Reached XP level 6. HP: 35/36 MP: 4/12
  3542 | D:3      | Reached skill level 1 in Fighting
  4514 | D:4      | Found a staircase to the Ecumenical Temple.
  4523 | Temple   | Entered the Ecumenical Temple
  4643 | Temple   | Became a worshipper of Gozag Ym Sagoz the Greedy
  4859 | D:4      | Noticed Eustachio
  4923 | D:4      | Killed Eustachio
  4924 | D:4      | Reached XP level 7. HP: 42/48 MP: 2/13
  5619 | D:5      | Entered Level 5 of the Dungeon
  5663 | D:5      | Found Ehas Tuiv's Weapon Boutique.
  5918 | D:5      | Found a sand-covered staircase.
  5933 | Ossuary  | Entered an ossuary
  6080 | Ossuary  | Reached skill level 5 in Fighting
  6456 | Ossuary  | Reached XP level 8. HP: 23/58 MP: 2/14
  7599 | D:5      | Found Kiukogay's General Store.
  7761 | D:5      | Found Vizuphunyni's Assorted Antiques.
  7965 | D:5      | Found Myakh's Antique Armour Boutique.
  7974 | D:5      | Bought a glowing kite shield for 210 gold pieces
  8369 | D:6      | Reached skill level 1 in Shields
  8480 | D:6      | Found a snail-covered altar of Cheibriados.
  8481 | D:6      | Noticed an oklob plant
  8501 | D:6      | Noticed Edmund
  8512 | D:6      | Killed Edmund
  8631 | D:6      | Found Cabbinna's Magic Scroll Boutique.
  8702 | D:6      | Reached XP level 9. HP: 57/67 MP: 15/15
  8840 | D:6      | Found a shimmering blue altar of Sif Muna.
  9546 | D:7      | Noticed a brown ugly thing
  9563 | D:7      | Killed a cyan ugly thing
 11142 | D:8      | Noticed a hornet
 11144 | D:8      | Paralysed by a hornet for 2 turns
 11150 | D:8      | Killed a hornet
 11151 | D:8      | Reached skill level 5 in Shields
 11151 | D:8      | Reached skill level 5 in Spellcasting
 11854 | D:8      | Noticed a hornet
 12506 | D:8      | Killed a hornet
 12507 | D:8      | Reached XP level 10. HP: 60/74 MP: 5/18
 14815 | D:9      | Noticed Joseph
 14832 | D:9      | Killed Joseph
 14833 | D:9      | Reached skill level 10 in Fighting
 14854 | D:9      | Found a runed translucent door.
 14973 | D:9      | Noticed Grum
 14978 | D:9      | Killed Grum
 15401 | D:9      | Noticed Erica
 15408 | D:9      | Killed Erica
 15409 | D:9      | Reached XP level 11. HP: 51/82 MP: 21/21
 15581 | D:9      | Found a runed translucent door.
 15604 | D:9      | Found a runed translucent door.
 15613 | D:9      | Found a runed translucent door.
 15995 | D:10     | Entered Level 10 of the Dungeon
 16497 | D:10     | Found a staircase to the Lair.
 17387 | D:11     | Found a staircase to the Orcish Mines.
 17528 | D:11     | Noticed a boulder beetle
 17563 | D:11     | Killed a boulder beetle
 17564 | D:11     | Reached skill level 10 in Shields
 17720 | D:11     | Noticed a boulder beetle
 17738 | D:11     | Killed a boulder beetle
 18048 | D:10     | Noticed a two-headed ogre
 18152 | D:7      | Killed an unseen horror
 18464 | D:5      | Bought the cursed +3 war axe of Causality {speed, rPois
                  | Int+2} for 492 gold pieces
 18812 | D:11     | Noticed a two-headed ogre
 18823 | D:11     | Noticed a boulder beetle
 19025 | D:11     | Killed a two-headed ogre
 19026 | D:11     | Reached skill level 1 in Earth Magic
 19387 | D:10     | Killed a two-headed ogre
 19474 | Lair:1   | Entered Level 1 of the Lair of Beasts
 19487 | D:10     | Gained mutation: You are partially covered in rugged brown
                  | scales. (AC +1, +3% HP) [potion of mutation]
 19487 | D:10     | Gained mutation: Scrolls take you a little longer to read.
                  | [potion of mutation]
 19487 | D:10     | Gained mutation: Your flesh is heat resistant. (rF+)
                  | [potion of mutation]
 19488 | D:10     | Lost mutation: You are partially covered in rugged brown
                  | scales. (AC +1, +3% HP) [potion of mutation]
 19488 | D:10     | Lost mutation: Your flesh is heat resistant. (rF+) [potion
                  | of mutation]
 19488 | D:10     | Lost mutation: Scrolls take you a little longer to read.
                  | [potion of mutation]
 19488 | D:10     | Gained mutation: You expend magic power (3 MP) to
                  | strengthen your wands. [potion of mutation]
 19488 | D:10     | Gained mutation: Your body sometimes deteriorates upon
                  | taking damage. [potion of mutation]
 19488 | D:10     | Gained mutation: You are agile. (Dex +2) [potion of
                  | mutation]
 19489 | D:10     | Lost mutation: Your body sometimes deteriorates upon taking
                  | damage. [potion of mutation]
 19489 | D:10     | Lost mutation: You expend magic power (3 MP) to strengthen
                  | your wands. [potion of mutation]
 19489 | D:10     | Lost mutation: You are agile. (Dex +2) [potion of mutation]
 19489 | D:10     | Gained mutation: Your muscles are strong. (Str +2) [potion
                  | of mutation]
 19489 | D:10     | Gained mutation: You possess an exceptional clarity of
                  | mind. [potion of mutation]
 20094 | D:11     | Noticed Sonja
 20101 | D:11     | Killed Sonja
 20561 | Orc:1    | Entered Level 1 of the Orcish Mines
 20561 | Orc:1    | Noticed Maurice
 20562 | Orc:1    | Found a roughly hewn altar of Beogh.
 20567 | Orc:1    | Killed Maurice
 20568 | Orc:1    | Reached skill level 1 in Evocations
 20568 | Orc:1    | Reached XP level 12. HP: 83/90 MP: 24/24
 20659 | Orc:1    | Noticed a two-headed ogre
 20679 | Orc:1    | Killed a two-headed ogre
 21836 | Orc:2    | Entered Level 2 of the Orcish Mines
 21836 | Orc:2    | Found Seiwn's Antique Armour Boutique.
 21882 | Orc:1    | Slain by a troll

Illustrated notes

Levels and vault maps discovered:
D:1:      zelgadis_glass_arrival_small, layout_basic, skrybe_limestone_x,
          chequers_avenue
D:2:      layout_loops_ring, uniq_sigmund
D:3:      layout_rooms, chequers_ecumenical_altar_simple
D:4:      layout_layer_cave, minmay_temple_entry_overgrown, uniq_eustachio
D:5:      layout_basic, serial_shops, shop, shop, shop, nicolae_shop_crystal,
          lightli_ossuary_entry_decrepit_ruins
D:6:      layout_basic, led_sif_pool, serial_shops, shop_fountains,
          lemuel_oklob_altar, uniq_edmund
D:7:      layout_cave_pods, kb_rosetta
D:8:      minmay_imperfect_grid, layout_basic, dk_rats_in_the_wall
D:9:      layout_loops_ring, minmay_statue_crystal_thing, uniq_erica,
          uniq_joseph, uniq_grum
D:10:     layout_basic, due_lair_maze_entry_diamond, serial_rivers,
          chequers_serial_rivers_micro_b, chequers_serial_rivers_small_3,
          chequers_serial_rivers_small_a, chequers_serial_rivers_marsh,
          chequers_serial_rivers_small_a, chequers_serial_rivers_room_a,
          minmay_misc_feat_alley, hangedman_glass_teeth
D:11:     lemuel_ice_spiral_2, layout_stronghold, orc_0_dummy, uniq_sonja
Temple:   minmay_crystal_snake_temple
Lair:1:   layout_cave_pods, uniq_fannar
Orc:1:    layout_caves, basic_altar, nicolae_orc_crystal_geode, uniq_maurice
Orc:2:    grunt_orc_gardens, layout_caves, grunt_orc_garden, grunt_orc_garden,
          grunt_orc_garden, grunt_orc_garden, ebering_ghost_xom

Skill      XL: |  1  2  3  4  5  6  7  8  9 10 11 12 |
---------------+-------------------------------------+-----
Stealth        | 3 5 |  5.0
Conjurations   | 2 |  2.0
Summonings     | 2 |  2.0
Spellcasting   | 4 5 7 8 |  8.3
Air Magic      | 1 2 |  2.0
Poison Magic   | 2 |  2.0
Fighting       | 4 6 8 9 10 11 | 11.3
Shields        | 3 6 9 11 | 11.2
Earth Magic    | 3 4 |  4.4
Evocations     | 1 2 |  2.1
Axes           | |  0.2
Dodging        | |  2.3
Translocations | |  1.0

Action                   |  1- 3 |  4- 6 |  7- 9 | 10-12 || total
-------------------------+-------+-------+-------+-------++-------
Melee: Dagger            |    22 |    50 |   343 |   325 ||   740
       Constrict         |     7 |    11 |    57 |    65 ||   140
       Tentacles         |     4 |    10 |    68 |    87 ||   169
       War axe           |       |       |       |   140 ||   140
 Cast: Magic Dart        |    85 |    80 |    78 |   136 ||   379
       Call Imp          |       |    22 |   114 |    62 ||   198
       Mephitic Cloud    |       |     1 |     5 |    20 ||    26
Invok: Potion Petition   |       |       |       |     2 ||     2
       Call Merchant     |       |       |       |     1 ||     1
Evoke: Wand              |       |       |     8 |    25 ||    33
  Use: Scroll            |     1 |       |    17 |    14 ||    32
       Potion            |     1 |       |     2 |    16 ||    19
 Stab: Sleeping          |       |     2 |     3 |     6 ||    11
       Confused          |       |     2 |     1 |    10 ||    13
       Distracted        |       |       |     4 |     1 ||     5
       Paralysed         |       |       |       |    27 ||    27
Armor: Skin              |     1 |     1 |    15 |    53 ||    70
Dodge: Dodged            |    23 |    40 |   156 |   101 ||   320
Block: Kite shield       |       |       |   127 |   257 ||   384
